 Dungeon Crawl Stone Soup version 0.29-a0-330-g52719c12eb (webtiles) character file.

Game seed: 18025330338993036431

1059 kae the Firebug (level 7, 0/50 HPs)
             Began as a Demigod Fire Elementalist on May 1, 2022.
             Killed by divine providence
             ... invoked by an orc priest
              (15 damage)
             ... on level 5 of the Dungeon.
             The game lasted 00:03:32 (5729 turns).

kae the Firebug (Demigod Fire Elementalist)         Turns: 5729, Time: 00:03:32

Health: 0/50       AC: 10    Str:  9    XL:     7   Next: 77%
Magic:  14/26      EV: 12    Int: 25    God:
Gold:   241        SH:  0    Dex: 14    Spells: 2/15 levels left

rFire   . . .      SeeInvis .   e - +1 spear
rCold   . . .      Faith    .   (no shield)
rNeg    . . .      Spirit   .   a - +0 robe
rPois   .          Reflect  .   m - +1 helmet
rElec   .          Harm     .   f - +0 cloak
rCorr   .          Rampage  .   j - +0 pair of gloves
Will    .....                   (no boots)
Stlth   ++........              s - amulet of regeneration
HPRegen 0.96/turn               i - ring of magical power
MPRegen 0.20/turn               p - +4 ring of protection

@: very slightly contaminated
A: high MP 1, forlorn, divine attributes
a: no special abilities


You were on level 5 of the Dungeon.
You visited 1 branch of the dungeon, and saw 6 of its levels.
You also visited: Sewer.

You collected 241 gold pieces.

Inventory:

Hand Weapons
 e - a +1 spear (weapon)
Armour
 a - a +0 robe (worn)
 f - a +0 cloak (worn)
 j - a +0 pair of gloves (worn)
 m - a +1 helmet (worn)
Jewellery
 i - a ring of magical power (left hand)
 l - a +4 ring of evasion
 p - a +4 ring of protection (right hand)
 s - an amulet of regeneration (around neck)
Wands
 o - a wand of polymorph (8)
 q - a wand of digging (1)
 w - a wand of flame (9)
Scrolls
 c - 2 scrolls of enchant weapon
 d - 6 scrolls of identify
 h - 2 scrolls of amnesia
 k - 4 scrolls of magic mapping
Potions
 b - a potion of magic
 g - 2 potions of attraction
 n - a potion of heal wounds
 r - 2 potions of cancellation
 t - 3 potions of brilliance
 u - 4 potions of haste
 v - 2 potions of curing {unknown}


   Skills:
 - Level 1.7 Dodging
 - Level 1.7 Stealth
 + Level 4.8 Spellcasting
 + Level 4.9 Conjurations
 + Level 5.6 Fire Magic


You had 2 spell levels left.
You knew the following spells:

 Your Spells              Type           Power      Damage    Failure   Level
a - Foxfire               Conj/Fire      100%       2x1d9     1%          1
b - Scorch                Fire           68%        2d8       1%          2
c - Conjure Flame         Conj/Fire      32%        6-21      2%          3
d - Inner Flame           Hex/Fire       20%        N/A       8%          3
e - Flame Wave            Conj/Fire      32%        2d8       10%         4

Your spell library contained the following spells:

 Spells                   Type           Power      Damage    Failure   Level
 Animate Skeleton         Necr           12%        N/A       9%          1
 Apportation              Tloc           12%        N/A       9%          1
 Summon Small Mammal      Summ           24%        N/A       9%          1
 Gell's Gravitas          Tloc           6%         N/A       26%         3
 Lesser Beckoning         Tloc           6%         N/A       26%         3
 Teleport Other           Tloc           6%         N/A       26%         3


Dungeon Overview and Level Annotations

Branches:
Dungeon (6/15)             Temple (0/1) D:4           Sewer (visited)

Annotations:
D:3 Dowan, Duvessa


Innate Abilities, Weirdness & Mutations

You have an increased reservoir of magic. (+10% MP)
You shall have no god before yourself.
Your divine heritage dramatically boosts your attributes as you level up.


Message History

Casting: Scorch (safe; 1% risk of failure)
Confirm with . or Enter, or press ? or * to list all spells.
Flames lash the orc.
You kill the orc!
The orc priest barely misses you. The orc priest misses you.
Casting: Scorch (safe; 1% risk of failure)
Confirm with . or Enter, or press ? or * to list all spells.
Flames lash the orc priest.
The orc priest is severely wounded.
The orc priest's fire resistance burns away.
The orc priest hits you but does no damage.
The orc priest hits you but does no damage.
Casting: Scorch (safe; 1% risk of failure)
Confirm with . or Enter, or press ? or * to list all spells.
Flames lash the orc priest.
The orc priest is burned terribly!
The orc priest is almost dead.
The orc priest hits you with a +0 whip.
The orc priest looks encouraged for a moment.
Casting: Scorch (safe; 1% risk of failure)
Confirm with . or Enter, or press ? or * to list all spells.
You miscast Scorch.
You are very lightly contaminated with residual magic.
Nothing appears to happen.
The orc priest invokes the aid of Beogh against you.
Pain shoots through your body!
Casting: Scorch (safe; 1% risk of failure)
Confirm with . or Enter, or press ? or * to list all spells.
Flames lash the orc priest but do no damage.
The orc priest closely misses you.
The orc priest invokes the aid of Beogh against you.
Pain shoots through your body!
Casting: Scorch (safe; 1% risk of failure)
Confirm with . or Enter, or press ? or * to list all spells.
Flames lash the orc priest but do no damage.
The orc priest hits you with a +0 whip.
* * * LOW HITPOINT WARNING * * *
The orc priest calls down the wrath of Beogh upon you.
Beogh smites you!
You die...

#.........# #..............
#.........#####..............
#.................##########(
#.........######...#########.
#...............[<........##.
#..).......#.###...######.##.
#..........#.# ##.## #.##.
######...#...# #.# #.###
#.....o@# #.# #.#
#...#:))####.# #.#
##..#.....##.# #<#
###.....##.##.# #.#
#.............# #.#
#.#.######.##.## #.#
#.#..####.#....######.##
#.##.....###...........#
#.##..###.#.....##.###.#


You could see an orc priest (combustible).

Vanquished Creatures
  Grinder (D:4)
  A water moccasin (D:5)
  Pargi (Sewer)
  A sky beast (D:3)
  A phantom (D:4)
  A necrophage (D:4)
  2 scorpions
  2 gnoll shamans (D:4)
  An orc priest (D:4)
  An iguana (D:5)
  7 gnolls (D:4)
  5 adders
  6 worms
  A dart slug (D:1)
  9 orcs
  7 ball pythons
  5 bats
  8 endoplasms
  A giant cockroach (D:3)
  5 goblins
  6 hobgoblins
  6 jackals
  4 quokkas
  9 frilled lizards
  7 kobolds
  4 rats
102 creatures vanquished.

Vanquished Creatures (others)
  401 foxfires
401 creatures vanquished.

Grand Total: 503 creatures vanquished

Notes
Turn   | Place    | Note
-------+----------+-------------------------------------------
     0 | D:1      | kae the Demigod Fire Elementalist began the quest for the
                  | Orb.
     0 | D:1      | Reached XP level 1. HP: 14/14 MP: 5/5
    24 | D:1      | Reached skill level 1 in Conjurations
   399 | D:1      | Reached XP level 2. HP: 20/20 MP: 4/7
   443 | D:1      | Learned a level 2 spell: Scorch
   451 | D:1      | Reached skill level 3 in Fire Magic
  1391 | D:2      | Reached XP level 3. HP: 26/26 MP: 6/9
  2264 | D:3      | Reached XP level 4. HP: 30/33 MP: 8/10
  2282 | D:3      | Found a glowing drain.
  2295 | Sewer    | Entered a sewer
  2443 | Sewer    | Noticed Pargi
  2450 | Sewer    | Killed Pargi
  2451 | Sewer    | Reached XP level 5. HP: 31/38 MP: 12/12
  2643 | Sewer    | Learned a level 3 spell: Conjure Flame
  2647 | Sewer    | Learned a level 3 spell: Inner Flame
  2802 | D:3      | Noticed a sky beast
  2844 | D:3      | Killed a sky beast
  2845 | D:3      | Reached skill level 4 in Fire Magic
  3170 | D:4      | Found a staircase to the Ecumenical Temple.
  3248 | D:4      | Reached XP level 6. HP: 32/45 MP: 14/14
  3438 | D:4      | Noticed Duvessa
  3438 | D:4      | Noticed Dowan
  4570 | D:4      | Reached XP level 7. HP: 50/50 MP: 16/16
  4575 | D:4      | Learned a level 4 spell: Flame Wave
  4589 | D:4      | Reached skill level 5 in Fire Magic
  4839 | D:4      | Noticed Grinder
  4864 | D:4      | Killed Grinder
  5102 | D:5      | Entered Level 5 of the Dungeon
  5729 | D:5      | Killed from afar by an orc priest

Illustrated notes

Levels and vault maps discovered:
D:1:      lemuel_arrival_lava_pool, layout_rooms,
          hellmonk_ecumenical_altar_inner_sanctum
D:2:      layout_basic
D:3:      layout_rooms, gup_sewer_entry_bubbles
D:4:      layout_loops_corners, minmay_temple_entry_stoned_glass,
          kennysheep_nub, uniq_grinder, uniq_duvessa
D:5:      layout_loops_ring
D:6:      wad_river_or_something, layout_rooms, uniq_pikel

Skill      XL: |  1  2  3  4  5  6  7 |
---------------+----------------------+-----
Conjurations   | 1 2 3 4 |  4.9
Spellcasting   | 2 3 4 |  4.8
Fire Magic     | 3 4 5 |  5.6
Dodging        | |  1.7
Stealth        | |  1.7

Action                   |  1- 3 |  4- 6 |  7- 9 || total
-------------------------+-------+-------+-------++-------
Melee: Spear             |     3 |    11 |     8 ||    22
 Cast: Foxfire           |   112 |   106 |    14 ||   232
       Scorch            |     5 |    12 |    28 ||    45
       Conjure Flame     |       |     1 |       ||     1
  Use: Scroll            |     7 |    10 |       ||    17
       Potion            |       |     1 |       ||     1
Armor: Robe              |    10 |    22 |    15 ||    47
Dodge: Dodged            |    18 |    38 |    26 ||    82

Table legend: (Time is in decaauts)
 A = Elapsed time spent in this place.
 B = Non-inter-level travel time spent in this place.
 C = Inter-level travel time spent in this place.
 D = Time resting spent in this place.
 E = Time spent auto-exploring this place.
 F = Levels seen in this place.
 G = Mean time per level.
                   A        B        C        D        E       F      G
               +--------+--------+--------+--------+--------+-----+--------+
         Total |   5794 |   5582 |    212 |    324 |   4296 |   7 |  827.7 |
       Dungeon |   5373 |   5161 |    212 |    324 |   3981 |   6 |  895.5 |
         Sewer |    420 |    420 |      0 |      0 |    315 |   1 |  420.0 |
               +--------+--------+--------+--------+--------+-----+--------+

Top non-repeatable levels by time:
     D:4: 1854 daAuts
     D:2: 1144 daAuts
     D:1: 1000 daAuts
     D:3: 746 daAuts
     D:5: 625 daAuts
   Sewer: 420 daAuts
     D:6: 1 daAuts
